 Dungeon Crawl Stone Soup version 0.29.1-1-gd02db69 (webtiles) character file.

Game seed: 13094638487641825009

867 Kel the Cleaver (level 8, -3/69 HPs)
             Began as a Gargoyle Berserker on Nov 25, 2022.
             Was an Elder of Trog.
             Slain by an orc warrior
             ... wielding a +0 trident of flaming
              (4 damage)
             ... on level 5 of the Dungeon.
             The game lasted 00:10:09 (6781 turns).

Kel the Cleaver (Gargoyle Berserker)                Turns: 6781, Time: 00:10:09

Health: -3/69      AC: 17    Str: 24    XL:     8   Next: 3%
Magic:  8/8        EV:  8    Int:  7    God:    Trog [****..]
Gold:   428        SH:  0    Dex:  9    Spells: 7/7 levels left

rFire   . . .      SeeInvis .   z - +0 battleaxe
rCold   . . .      Faith    .   (shield currently unavailable)
rNeg    + . .      Spirit   .   c - +0 chain mail
rPois   ∞          Reflect  .   (no helmet)
rElec   +          Harm     .   w - +0 cloak
rCorr   .          Rampage  .   f - +0 pair of gloves
Will    .....                   a - +0 pair of boots
Stlth   ..........              (no amulet)
HPRegen 0.21/turn               (no ring)
MPRegen 0.11/turn               (no ring)

@: berserking (expiring), very quick
A: sickness immunity, AC +5, negative energy resistance 1, electricity
resistance, torment resistance 1, petrification resistance
a: Renounce Religion, Berserk, Trog's Hand, Brothers in Arms


You were on level 5 of the Dungeon.
You worshipped Trog.
Trog was greatly pleased with you.
You visited 1 branch of the dungeon, and saw 7 of its levels.
You also visited: Sewer.

You collected 428 gold pieces.

Inventory:

Hand Weapons
 z - a +0 battleaxe (weapon)
Armour
 a - a +0 pair of boots (worn)
 c - a +0 chain mail (worn)
 f - a +0 pair of gloves (worn)
 w - a +0 cloak (worn)
Jewellery
 u - a +6 ring of intelligence
Wands
 o - a wand of quicksilver (7)
 v - a wand of digging (5)
 x - a wand of charming (14)
 y - a wand of mindburst (4)
Scrolls
 d - 3 scrolls of enchant armour {unknown}
 e - 8 scrolls of identify {unknown}
 h - a scroll of fog {unknown}
 i - a scroll of teleportation {unknown}
 j - 2 scrolls of immolation {unknown}
 l - a scroll of summoning {unknown}
 m - a scroll of blinking {unknown}
 q - a scroll of silence {unknown}
 r - 3 scrolls of noise {unknown}
 A - 3 scrolls of fear {unknown}
 B - a scroll of amnesia {unknown}
 C - a scroll of poison {unknown}
Potions
 b - 5 potions of curing {unknown}
 g - 5 potions of heal wounds {unknown}
 k - 2 potions of flight {unknown}
 n - 3 potions of cancellation {unknown}
 p - a potion of haste {unknown}
 s - 5 potions of brilliance {unknown}
 t - 2 potions of lignification {unknown}


   Skills:
 - Level 3.2 Fighting
 + Level 8.5 Axes
 - Level 2.1 Armour
 - Level 1.5 Dodging


You had 7 spell levels left.
You didn't know any spells.
Your spell library was empty.

Dungeon Overview and Level Annotations

Branches:
Dungeon (7/15)             Temple (0/1) D:4           Sewer (visited)

Altars:
Sif Muna
Xom

Shops:
D:1 :   D:3 :   D:5 (


Innate Abilities, Weirdness & Mutations

You are immune to sickness and miasma.
Your stone body is resilient. (AC +5)
You are immune to poison.
You resist negative energy. (rN+)
You are resistant to electric shocks. (rElec)
You are resistant to unholy torment.
You are immune to petrification.


Message History

You feel a strong urge to attack something.
The orc warrior unwields a +1 arbalest of flaming.
It stops flaming.
The orc warrior wields a +0 trident of flaming.
It bursts into flame!
The orc warrior hits you with a +0 trident of flaming.
The orc warrior burns you.
* * * LOW HITPOINT WARNING * * *
There is an empty arch of ancient stone here.
You barely miss the orc warrior. You hit the orc warrior.
The orc warrior is lightly wounded.
The orc warrior hits you with a +0 trident of flaming!
* * * LOW HITPOINT WARNING * * *
The orc warrior burns you.
* * * LOW HITPOINT WARNING * * *
You slash the orc warrior!
The orc warrior is heavily wounded.
The orc warrior hits you but does no damage.
You barely miss the orc warrior.
The orc warrior is heavily wounded.
The orc warrior hits you with a +0 trident of flaming.
* * * LOW HITPOINT WARNING * * *
The orc warrior burns you.
* * * LOW HITPOINT WARNING * * *
You barely miss the orc warrior.
The orc warrior is heavily wounded.
The orc warrior hits you with a +0 trident of flaming.
* * * LOW HITPOINT WARNING * * *
The orc warrior burns you.
* * * LOW HITPOINT WARNING * * *
You closely miss the orc warrior.
The orc warrior is heavily wounded.
You slash the orc warrior!
The orc warrior is severely wounded.
The orc warrior closely misses you.
You barely miss the orc warrior.
The orc warrior is severely wounded.
The orc warrior hits you with a +0 trident of flaming.
You die...

# #...# ## #'#.##
.####### ###
#.#...
#......######
#..# ######.###.
.###........#
##.:_#
#....#<#... ##
#.#.####.###....#
#.#.#.#. # #.#.#
#..##.).###
#.#.#.#. ##.#.#
#.##...##
###∩##.. ##....#
#.#...#@# #.##.#
##.###.#
#....###o..#
#.##.# ...# #.#
#...## ..##
#'##.# ...###.#
#..## .## #....#
#.#...## #### ##
####.# #.##.##
#.# ..>†.(### #..
........# #####
####.. ......#.#
##...## #.....


You could see an orc warrior.

Vanquished Creatures
  A phantom (D:6)
  2 bullfrogs
  A scorpion (D:6)
  2 hounds (D:6)
  A jelly (D:4)
  Jessica (D:2)
  A hell rat (Sewer)
  3 iguanas
  Natasha (twice) (D:4)
  An orc wizard (D:5)
  Robin (D:4)
  8 gnolls
  5 adders
  3 river rats (Sewer)
  A shadow imp (D:6)
  3 worms
  3 dart slugs
  12 orcs
  9 ball pythons
  6 bats
  9 endoplasms
  13 giant cockroaches
  11 goblins
  9 hobgoblins
  11 kobolds
  A quokka (D:2)
  4 frilled lizards
  16 rats
140 creatures vanquished.

Vanquished Creatures (others)
  A goblin (D:4)
1 creature vanquished.

Grand Total: 141 creatures vanquished

Notes
Turn   | Place    | Note
-------+----------+-------------------------------------------
     0 | D:1      | Kel the Gargoyle Berserker began the quest for the Orb.
     0 | D:1      | Reached XP level 1. HP: 14/14 MP: 1/1
   213 | D:1      | Reached skill level 3 in Axes
   247 | D:1      | Reached XP level 2. HP: 16/19 MP: 2/2
   491 | D:1      | Found Uhiupp's Vocational Training.
   647 | D:1      | Reached XP level 3. HP: 22/23 MP: 3/3
   700 | D:1      | Found a faded altar of an unknown god.
   782 | D:1      | Reached ** piety under Trog
  1014 | D:2      | Reached skill level 4 in Axes
  1070 | D:2      | Reached XP level 4. HP: 11/28 MP: 4/4
  1899 | D:2      | Noticed Jessica
  1909 | D:2      | Killed Jessica
  2222 | D:3      | Reached skill level 5 in Axes
  2227 | D:3      | Reached *** piety under Trog
  2230 | D:3      | Reached XP level 5. HP: 32/32 MP: 5/5
  2719 | D:3      | Found Gohyiff's Book Emporium.
  3518 | D:4      | Found a staircase to the Ecumenical Temple.
  3530 | D:4      | Reached XP level 6. HP: 19/37 MP: 6/6
  3639 | D:4      | Reached skill level 6 in Axes
  3789 | D:4      | Noticed Robin
  3812 | D:4      | Killed Robin
  4348 | D:4      | Noticed Natasha
  4363 | D:4      | Killed Natasha
  4890 | D:4      | Noticed Natasha
  4901 | D:4      | Killed Natasha
  5115 | D:5      | Entered Level 5 of the Dungeon
  5138 | D:5      | Found Wullau's Weapon Shop.
  5360 | D:5      | You fall into a shaft and drop 2 floors!
  5386 | D:6      | Reached skill level 7 in Axes
  5386 | D:6      | Reached XP level 7. HP: 33/41 MP: 7/7
  5664 | D:6      | Found a shimmering altar of Xom.
  5710 | D:6      | Found a glowing drain.
  5715 | D:6      | Reached **** piety under Trog
  5839 | Sewer    | Entered a sewer
  6222 | D:6      | Reached skill level 8 in Axes
  6577 | D:5      | Reached XP level 8. HP: 46/46 MP: 8/8
  6746 | D:5      | Found a shimmering blue altar of Sif Muna.
  6778 | D:5      | HP: 3/69 [orc warrior/+0 trident of flaming (4)]
  6778 | D:5      | HP: 1/69 [orc warrior/+0 trident of flaming (2)]
  6781 | D:5      | Slain by an orc warrior

Illustrated notes

Levels and vault maps discovered:
D:1:      eino_arrival_cavern_a, layout_rooms,
          ebering_ecumenical_altar_abandoned, nicolae_shop_vocational
D:2:      minmay_roachtagon, layout_basic, uniq_jessica
D:3:      layout_loops_corners, serial_shops, nicolae_shop_window_shopping,
          wad_floor_pattern_untrapped, kennysheep_generic_room_5
D:4:      layout_cave_pods, minmay_temple_entry_purple_smoke, uniq_robin,
          uniq_natasha
D:5:      layout_loops_ring, nzn_overflow_gifts_of_might_and_magic,
          serial_shops, nicolae_shop_hallway_stairs
D:6:      layout_loops_ring, mainiacjoe_overflow_tiny_flanked,
          portal_sewer_entry_b
D:7:      layout_cave_pods, serial_demonic, serial_demonic_e, serial_demonic_b,
          serial_demonic_e, serial_demonic_g, grunt_decor_junction

Skill      XL: |  1  2  3  4  5  6  7 |
---------------+----------------------+-----
Axes           | 3 4 5 7 8 |  8.5
Fighting       | |  3.2
Armour         | |  2.1
Dodging        | |  1.5

Action                   |  1- 3 |  4- 6 |  7- 9 || total
-------------------------+-------+-------+-------++-------
Melee: Hand axe          |   105 |   206 |       ||   311
       Punch             |       |     2 |       ||     2
       Battleaxe         |       |     8 |   144 ||   152
Invok: Berserk           |       |     1 |     1 ||     2
Armor: Chain mail        |    84 |   128 |    91 ||   303
       Animal skin       |     4 |       |       ||     4
Dodge: Dodged            |    53 |    96 |    66 ||   215
